 Dungeon Crawl Stone Soup version 0.29-a0-972-g43c84944fd (webtiles) character file.

Game seed: 10419776877511503388

58 glnhji the Vexing (level 3, -3/16 HPs)
             Began as a Spriggan Enchanter on July 31, 2022.
             Slain by an orc
             ... wielding a +0 flail
              (6 damage)
             ... on level 1 of the Dungeon.
             The game lasted 00:03:10 (1631 turns).

glnhji the Vexing (Spriggan Enchanter)              Turns: 1631, Time: 00:03:12

Health: -3/16      AC:  2    Str:  6    XL:     3   Next: 75%
Magic:  3/9        EV: 17    Int: 16    God:
Gold:   77         SH:  0    Dex: 15    Spells: 2/10 levels left

rFire   . . .      SeeInvis +   a - +1 dagger
rCold   . . .      Faith    .   (no shield)
rNeg    . . .      Spirit   .   b - +0 robe
rPois   .          Reflect  .   (helmet restricted)
rElec   .          Harm     .   (no cloak)
rCorr   .          Rampage  .   (gloves unavailable)
Will    .....                   (boots unavailable)
Stlth   +++.......              (no amulet)
HPRegen 0.05/turn               (no ring)
MPRegen 0.11/turn               (no ring)

@: very quick
A: very small, no large weapons, unfitting armour, see invisible, speed 3
a: no special abilities


You were on level 1 of the Dungeon.
You visited 1 branch of the dungeon, and saw 2 of its levels.

You collected 77 gold pieces.

Inventory:

Hand Weapons
 a - a +1 dagger (weapon)
Armour
 b - a +0 robe (worn)
Scrolls
 d - a scroll of enchant weapon {unknown}
 e - 2 scrolls of identify {unknown}
 f - a scroll of poison {unknown}
 g - a scroll of vulnerability {unknown}
 h - a scroll of fog {unknown}
 i - a scroll of brand weapon {unknown}
Potions
 c - 2 potions of invisibility


   Skills:
 - Level 1.1 Short Blades
 - Level 2.6 Dodging
 - Level 4.4 Stealth
 + Level 4.1 Spellcasting
 + Level 4.8 Hexes


You had 2 spell levels left.
You knew the following spells:

 Your Spells              Type           Power      Damage    Failure   Level
a - Ensorcelled Hibernat  Hex/Ice        22%        N/A       10%         2
b - Tukima's Dance        Hex            18%        N/A       7%          3
d - Confusing Touch       Hex            18%        N/A       7%          3

Your spell library contained the following spells:

 Spells                   Type           Power      Damage    Failure   Level
 Blink                    Tloc           6%         N/A       26%         2
 Dazzling Flash           Conj/Hex       22%        N/A       19%         3
 Lesser Beckoning         Tloc           3%         N/A       45%         3
 Manifold Assault         Tloc           3%         N/A       99%         5


Dungeon Overview and Level Annotations

Branches:
Dungeon (2/15)

Altars:


Innate Abilities, Weirdness & Mutations

You are very small and have problems with some larger weapons.
You are too small for most types of armour.
You have supernaturally acute eyesight. (SInv)
You cover ground extremely quickly. (Speed+++)


Message History

You climb upwards.
There is a stone staircase leading down here.
The orc wizard gestures wildly while chanting.
The orc wizard flickers and vanishes for a moment.
You start resting.
An orc is nearby!
An orc is nearby!
An orc is nearby!
Casting: Ensorcelled Hibernation (safe; 10% risk of failure)
Confirm with . or Enter, or press ? or * to list all spells.
Aiming: Ensorcelled Hibernation (safe; 10% risk of failure)
Press: ? - help, Shift-Dir - straight line, f - orc wizard
Aim: an orc wizard, wielding a +0 dagger of holy wrath and wearing a +0 robe (wandering, slightly transparent, hasn't noticed you, chance to affect: 45%)
The orc wizard looks drowsy...
The orc wizard shouts!
The orc wizard hits you but does no damage.
You hit the orc wizard but do no damage.
The orc wizard closely misses you.
Casting: Ensorcelled Hibernation (safe; 10% risk of failure)
Confirm with . or Enter, or press ? or * to list all spells.
The spell is extremely dangerous to miscast (7% risk of failure)!
Continue anyway?
Your hands begin to glow red.
The orc wizard completely misses you.
You hit the orc wizard but do no damage.
Your punch misses the orc wizard. The orc wizard closely misses you.
You hit the orc wizard but do no damage.
The orc wizard appears confused.
The orc wizard misses you.
You catch the helpless orc wizard completely off-guard!
You puncture the orc wizard!
The orc wizard is almost dead.
The orc wizard closely misses you.
You barely miss the orc wizard.
The orc wizard is almost dead.
You hit the orc wizard but do no damage.
You punch the orc wizard, but do no damage.
The orc wizard is almost dead.
The orc wizard hits you with a +0 dagger of holy wrath.
* * * LOW HITPOINT WARNING * * *
The orc wizard hits itself with a +0 dagger of holy wrath.
The orc hits you with a +0 flail.
You die...

#..##.################.##.#######
...##..........#........#.# #
............##.#.########.# #
....#######.##.#.# #.# ....#
#)##.#.# #.# ....# #.##.#.# #.#
....# #.##.#.# #.# ....# #.##.#o#
#.# ....# #....>@# #.# ....#
####..o########.# ....#
#............#
....###########..##########
#.#......o.......#
#.#.###########.##
#o#############.#
#.......o.......#
#################


You could see an orc wizard (confused) and an orc.

Vanquished Creatures
  An orc wizard (D:2)
  A dart slug (D:1)
  An orc (D:2)
  A bat (D:1)
  5 endoplasms
  A giant cockroach (D:1)
  2 goblins (D:1)
  3 hobgoblins (D:1)
  A quokka (D:1)
  3 ball pythons (D:1)
  4 frilled lizards (D:1)
  4 kobolds
  A rat (D:1)
28 creatures vanquished.

Notes
Turn   | Place    | Note
-------+----------+-------------------------------------------
     0 | D:1      | glnhji the Spriggan Enchanter began the quest for the Orb.
     0 | D:1      | Reached XP level 1. HP: 9/9 MP: 5/5
   231 | D:1      | Reached XP level 2. HP: 13/13 MP: 7/7
   234 | D:1      | Learned a level 2 spell: Ensorcelled Hibernation
  1088 | D:1      | Found a faded altar of an unknown god.
  1401 | D:2      | Reached XP level 3. HP: 14/16 MP: 9/9
  1405 | D:2      | Learned a level 3 spell: Tukima's Dance
  1409 | D:2      | Learned a level 3 spell: Confusing Touch
  1631 | D:1      | Slain by an orc

Illustrated notes

Levels and vault maps discovered:
D:1:      lemuel_arrival_broad_hall, layout_basic,
          shapermc_ecumenical_altar_ellora
D:2:      layout_rooms, uniq_robin

Skill      XL: |  1  2  3 |
---------------+----------+-----
Spellcasting   | 3 4 |  4.1
Hexes          | 4 |  4.8
Short Blades   | |  1.1
Dodging        | |  2.6
Stealth        | |  4.4

Action                   || total
-------------------------++-------
Melee: Dagger            ||    71
       Punch             ||     3
 Cast: Ensorcelled Hiber ||     4
       Confusing Touch   ||     1
 Stab: Sleeping          ||    16
       Confused          ||     1
Armor: Robe              ||     4
Dodge: Dodged            ||    48

Table legend: (Time is in decaauts)
 A = Elapsed time spent in this place.
 B = Non-inter-level travel time spent in this place.
 C = Inter-level travel time spent in this place.
 D = Time resting spent in this place.
 E = Time spent auto-exploring this place.
 F = Levels seen in this place.
 G = Mean time per level.
                   A        B        C        D        E       F      G
               +--------+--------+--------+--------+--------+-----+--------+
         Total |   1229 |   1205 |     24 |      8 |    934 |   2 |  614.5 |
       Dungeon |   1229 |   1205 |     24 |      8 |    934 |   2 |  614.5 |
               +--------+--------+--------+--------+--------+-----+--------+

Top non-repeatable levels by time:
     D:1: 1097 daAuts
     D:2: 132 daAuts
